 Dungeon Crawl Stone Soup version 0.30.1-9-gdf580d7c3d (webtiles) character file.

Game seed: 675811744332235204

112900 jagang the Fencer (level 16, -32/146 HPs)
             Began as a Barachi Monk on Oct 24, 2023.
             Was the Champion of the Shining One.
             Annihilated by an alligator snapping turtle (69 damage)
             ... on level 2 of the Shoals on Oct 25, 2023.
             The game lasted 02:13:37 (27125 turns).

jagang the Fencer (Barachi Monk)                   Turns: 27125, Time: 02:13:38

Health: -32/146    AC: 26    Str: 14    XL:     16   Next: 61%
Magic:  21/21      EV:  2    Int: 11    God:    the Shining One [******]
Gold:   444        SH:  0    Dex: 25    Spells: 15/15 levels left

rFire   . . .        k - +4 scimitar (flame)
rCold   . . .        h - +2 buckler {rN+}
rNeg    + + +        l - +1 plate armour {rPois}
rPois   +            F - +2 helmet
rElec   .            B - +0 cloak
rCorr   .            u - +0 pair of gloves
SInv    .            A - +0 pair of boots
Will    +....        K - amulet of regeneration Stlth
                     w - +6 ring of dexterity
HPRegen 1.24/turn    V - +5 ring of evasion
MPRegen 0.17/turn

%: no passive effects
@: sleeping, afraid, glowing, slow
A: amphibious, slowness 1, strong legs 2, +LOS, clumsy 1, robust 1, MP-powered
wands
a: Hop, Renounce Religion, Divine Shield, Cleansing Flame, Summon Divine
Warrior, Brand Weapon With Holy Wrath


You were on level 2 of the Shoals.
You worshipped the Shining One.
The Shining One was exalted by your worship.
You visited 5 branches of the dungeon, and saw 25 of its levels.

You collected 2486 gold pieces.
You spent 2042 gold pieces at shops.

Inventory:

Hand Weapons
 f - a +2 heavy scimitar
 k - a +4 scimitar of flaming (weapon)
 L - a +1 great sword of electrocution
Missiles
 g - 25 poisoned darts
 p - 3 silver boomerangs (quivered)
 z - 3 throwing nets
 H - 4 curare-tipped darts
 S - 11 boomerangs
Armour
 h - a +2 buckler of positive energy (worn)
 l - a +1 plate armour of poison resistance (worn)
 u - a +0 pair of gloves (worn)
 A - a +0 pair of boots (worn)
 B - a +0 cloak (worn)
 F - a +2 helmet (worn)
Jewellery
 w - a +6 ring of dexterity (left hand)
 x - a ring of ice
 D - a +4 ring of protection
 K - an amulet of regeneration (around neck)
 N - a ring of protection from fire
 V - a +5 ring of evasion (right hand)
Wands
 b - a wand of flame (8)
 r - a wand of paralysis (11)
 C - a wand of polymorph (12)
 E - a wand of mindburst (7)
 O - a wand of light (20)
 R - a wand of iceblast (6)
 Z - a wand of digging (4)
Scrolls
 c - 4 scrolls of blinking
 e - 13 scrolls of teleportation
 i - 4 scrolls of immolation
 n - 2 scrolls of fear
 s - a scroll of brand weapon {unknown}
 t - 7 scrolls of magic mapping
 y - 4 scrolls of vulnerability
 I - a scroll of fog
 P - a scroll of poison
 T - 3 scrolls of butterflies
 U - a scroll of silence
Potions
 a - a potion of cancellation {unknown}
 d - a potion of resistance
 j - 2 potions of might
 m - 5 potions of brilliance
 o - a potion of haste
 q - 5 potions of curing
 v - 3 potions of flight
 G - 6 potions of heal wounds
 M - a potion of mutation
 Q - 3 potions of berserk rage
 W - a potion of ambrosia
 X - a potion of lignification {unknown}


   Skills:
 + Level 14.1 Fighting
 * Level 18.1 Long Blades
 + Level 10.1 Throwing
 + Level 14.9 Armour
 + Level 11.5 Dodging
 + Level 7.4 Shields
 * Level 6.6 Invocations
 - Level 9.4 Evocations


You had 15 spell levels left.
You didn't know any spells.
Your spell library contained the following spells:

 Spells                   Type           Power      Damage    Failure   Level
 Foxfire                  Conj/Fire      0%         2x1d4     100%        1
 Kiss of Death            Conj/Necr      0%         2d5       100%        1
 Summon Small Mammal      Summ           0%         N/A       100%        1
 Ensorcelled Hibernation  Hex/Ice        0%         N/A       100%        2
 Passwall                 Tmut/Erth      0%         N/A       100%        2
 Poisonous Vapours        Pois/Air       0%         N/A       100%        2
 Call Canine Familiar     Summ           0%         N/A       100%        3
 Confusing Touch          Hex            0%         N/A       100%        3
 Hailstorm                Conj/Ice       0%         3d3       100%        3
 Mephitic Cloud           Conj/Pois/Air  0%         N/A       100%        3
 Stone Arrow              Conj/Erth      0%         3d7       100%        3
 Summon Guardian Golem    Hex/Summ       0%         N/A       100%        3
 Swiftness                Air            0%         N/A       100%        3
 Airstrike                Air            0%         2d(0-16)  100%        4
 Animate Armour           Summ/Erth      0%         N/A       100%        4
 Dispel Undead            Necr           0%         3d6       100%        4
 Ice Form                 Ice/Tmut       0%         N/A       100%        4
 Summon Ice Beast         Ice/Summ       0%         N/A       100%        4
 Fireball                 Conj/Fire      0%         3d3       100%        5
 Freezing Cloud           Conj/Ice/Air   0%         6-21      100%        5
 Iskenderun's Battlesphe  Conj           0%         2d6       100%        5
 Summon Forest            Summ/Tloc      0%         N/A       100%        5
 Summon Mana Viper        Hex/Summ       0%         N/A       100%        5
 Iron Shot                Conj/Erth      0%         9d1       100%        6
 Plasma Beam              Fire/Air       0%         2x1d11    100%        6
 Simulacrum               Ice/Necr       0%         N/A       100%        6
 Starburst                Conj/Fire      0%         6d3       100%        6
 Summon Cactus Giant      Summ           0%         N/A       100%        6
 Monstrous Menagerie      Summ           0%         N/A       100%        7
 Spellforged Servitor     Conj/Summ      0%         N/A       100%        7
 Lehudib's Crystal Spear  Conj/Erth      0%         10d2      100%        8
 Maxwell's Capacitive Co  Air            0%         ∞         100%        8
 Summon Horrible Things   Summ           0%         N/A       100%        8


Dungeon Overview and Level Annotations

Branches:
Dungeon (15/15)            Temple (1/1) D:6            Lair (5/5) D:8
 Shoals (2/4) Lair:2        Snake (0/4) Lair:2        Slime (0/5) Lair:5
    Orc (2/2) D:10            Elf (0/3) Orc:2        Vaults (0/5) D:13
 Depths (0/4) D:15

Altars:
Ashenzari
Cheibriados
Dithmenos
Elyvilon
Fedhas
Gozag
Hepliaklqana
Kikubaaqudgha
Makhleb
Nemelex Xobeh
Okawaru
Qazlal
Ru
Sif Muna
Trog
Uskayaw
Vehumet
Wu Jian
Xom
Yredelemnul
Zin
The Shining One

Shops:
D:3 [   D:7 *   Orc:2 [:=?

Portals:
Trove: D:11 (give 6 scrolls of fog)

Annotations:
D:12 1 runed translucent door


Innate Abilities, Weirdness & Mutations

You are amphibious.
You cover ground slowly.
You can hop long distances.
You have an extended range of vision and can be seen from far away.
You are clumsy. (Dex -2)
You are robust. (+10% HP)
You expend magic power (3 MP) to strengthen your wands.


Message History

* * * LOW HITPOINT WARNING * * *
You enter the shallow water.
The satyr shoots an arrow.
The arrow misses you.
The arrow hits the alligator snapping turtle!!
The satyr plays a frightful melody on his pipes!
The satyr radiates an aura of fear!
You are terrified of the satyr!
You completely miss the satyr.
The satyr plays a lulling melody on his pipes!
You struggle to resist.
You attempt to attack the satyr, but flinch away in fear!
You block the alligator snapping turtle's attack.
The satyr shoots an arrow.
The arrow completely misses you.
The arrow hits the alligator snapping turtle!
You slice the satyr!! You burn the satyr!
The satyr is heavily wounded.
You attempt to attack the satyr, but flinch away in fear!
The satyr shoots an arrow.
You block the arrow.
The alligator snapping turtle completely misses you.
You attempt to attack the satyr, but flinch away in fear!
The satyr shoots an arrow.
The arrow barely misses you.
The arrow hits the alligator snapping turtle!
The alligator snapping turtle misses you.
You slash the satyr! You burn the satyr.
The satyr is almost dead.
A water elemental comes into view.
The satyr shoots an arrow.
The arrow hits you!!
* * * LOW HITPOINT WARNING * * *
You attempt to attack the satyr, but flinch away in fear!
The alligator snapping turtle bites you but does no damage.
You feel much better.
The satyr shoots an arrow.
You block the arrow.
The alligator snapping turtle bites you from afar.
* * * LOW HITPOINT WARNING * * *
You barely miss the satyr.
The satyr is almost dead.
The satyr plays a lulling melody on his pipes!
You fall asleep.
The satyr unwields a +0 longbow.
The satyr wields a +0 spear.
The satyr splashes around in the water.
The alligator snapping turtle bites you from afar!!!
You die...

≈≈ #....~~~...# ≈≈≈
###>...~~~...#
≈≈≈###.......~~...#
≈≈≈#......~..~~...#
.......~~E.~~~.##. ≈≈
#..........~~....
≈~..##.~.....# $...
.......~.....#......
......~c@~t........~~
~~~...~≈~~~†......~~~
~~~~~~~≈≈~~....~~~~~~
≈≈~~~~≈≈≈≈~....~~~≈≈≈
≈≈≈≈≈≈≈≈≈≈~~~..~~≈≈~~
≈≈≈≈≈≈≈≈≈≈≈~~~~~≈≈≈~.
≈≈≈≈≈≈≈≈≈≈≈≈≈~~≈≈≈≈~~
≈≈≈≈≈≈≈≈≈≈≈≈≈≈≈≈≈≈≈≈~
≈≈≈≈≈≈≈≈≈≈≈≈≈≈≈≈≈≈≈≈


You could see an alligator snapping turtle, a satyr (scary) and a water
elemental.

Vanquished Creatures
  Frances (Shoals:1)
  9 hydras
  2 ogre magi
  A vault guard (D:11)
  3 catoblepae
  7 centaur warriors
  A merfolk avatar (Shoals:1)
  3 boulder beetles
  3 two-headed ogres
  24 death yaks
  An alligator snapping turtle (Shoals:2)
  5 orc high priests (Orc:2)
  2 tengu warriors (D:15)
  3 skysharks
  A lindwurm (Lair:5)
  A wizard (D:15)
  6 harpies (Shoals:1)
  7 orc knights
  2 necromancers
  A deep elf zephyrmancer (D:15)
  2 deep elf pyromancers
  5 ugly things
  An orc sorcerer (D:15)
  3 manticores (D:11)
  3 cyclopes
  4 fauns (Shoals:1)
  3 water nymphs
  7 elephants
  2 centaur zombies (D:15)
  8 black mambas
  A gargoyle (D:13)
  3 torpor snails (Lair:4)
  A kobold demonologist (D:10)
  2 centaur skeletons (D:15)
  8 cane toads
  5 komodo dragons
  A freezing wraith (D:11)
  2 rime drakes
  A yaktaur (D:12)
  2 efreet
  8 trolls
  A merfolk (Shoals:1)
  3 meliai (D:14)
  A wind drake (shapeshifter) (D:13)
  13 polar bears
  12 dream sheep
  2 hornets (D:9)
  29 blink frogs
  2 raiju (Lair:5)
  2 snapping turtles (Shoals:1)
  5 slime creatures
  Sigmund (D:4)
  A water elemental (Shoals:1)
  A spriggan (D:11)
  2 centaur simulacra (D:14)
  3 wraiths
  4 shadows
  A vampire (D:13)
  4 basilisks
  3 wyverns
  7 vampire mosquitoes
  49 yaks
  5 steam dragons
  13 wargs
  Menkaure (D:7)
  4 nagas (Lair:2)
  Edmund (D:4)
  17 water moccasins
  13 hell hounds (Lair:5)
  11 black bears (Lair:5)
  Duvessa (D:7)
  3 ice beasts (D:14)
  29 orc warriors
  2 sky beasts
  15 wolves
  A boggart (D:11)
  9 ogres
  23 centaurs
  A kobold brigand (D:10)
  6 bullfrogs
  A gnoll sergeant (D:9)
  3 scorpions
  10 wights
  Dowan (D:7)
  15 killer bees
  A howler monkey (D:4)
  5 electric eels
  2 jellies (Lair:5)
  2 hounds
  24 orc priests
  2 gnoll boudas
  5 iguanas
  Jessica (D:2)
  Ijyb (D:5)
  Natasha (thrice) (D:3)
  24 orc wizards
  Robin (D:3)
  19 gnolls
  4 adders (D:3)
  4 river rats (D:3)
  A shadow imp (D:8)
  4 white imps
  3 ufetubi (D:14)
  2 worms (D:3)
  A dart slug (D:3)
  70 orcs
  6 endoplasms
  6 giant cockroaches
  17 goblins
  10 hobgoblins
  10 jackals
  12 kobolds
  A quokka (D:4)
  8 ball pythons
  7 bats
  5 frilled lizards
  8 rats
755 creatures vanquished.

Vanquished Creatures (collateral kills)
  5 harpies (Shoals:1)
  A faun (Shoals:1)
  A water nymph (Shoals:1)
7 creatures vanquished.

Grand Total: 762 creatures vanquished

Notes
Turn   | Place    | Note
-------+----------+-------------------------------------------
     0 | D:1      | jagang the Barachi Monk began the quest for the Orb.
     0 | D:1      | Reached XP level 1. HP: 18/18 MP: 1/1
   202 | D:1      | Reached skill level 4 in Long Blades
   202 | D:1      | Reached XP level 2. HP: 24/25 MP: 2/2
   268 | D:1      | Reached skill level 1 in Armour
   848 | D:2      | Reached XP level 3. HP: 21/30 MP: 3/3
   870 | D:2      | Found a sacrificial altar of Ru.
  1343 | D:2      | Noticed Jessica
  1348 | D:2      | Killed Jessica
  1349 | D:2      | Reached XP level 4. HP: 14/37 MP: 4/4
  1474 | D:2      | You fall into a shaft and drop 1 floor!
  2140 | D:3      | Reached skill level 1 in Throwing
  2343 | D:3      | Reached XP level 5. HP: 29/43 MP: 5/5
  2606 | D:3      | Noticed Robin
  2694 | D:3      | Killed Robin
  2811 | D:3      | Noticed Natasha
  2823 | D:3      | Killed Natasha
  2824 | D:3      | Reached skill level 5 in Long Blades
  2903 | D:3      | Found Onuyhog's Antique Armour Shoppe.
  3013 | D:3      | Reached XP level 6. HP: 28/50 MP: 6/6
  3220 | D:3      | Noticed Natasha
  3230 | D:3      | Killed Natasha
  3231 | D:3      | Reached skill level 5 in Fighting
  3366 | D:4      | Noticed Edmund
  3454 | D:3      | Noticed Natasha
  3463 | D:3      | Killed Natasha
  3561 | D:4      | Reached skill level 5 in Armour
  3682 | D:4      | Reached XP level 7. HP: 56/56 MP: 7/7
  3705 | D:4      | Killed Edmund
  4310 | D:4      | Found a blossoming altar of Fedhas.
  4339 | D:4      | Noticed Sigmund
  4366 | D:4      | Killed Sigmund
  4367 | D:4      | Reached skill level 6 in Long Blades
  4367 | D:4      | Reached XP level 8. HP: 14/64 MP: 8/8
  4752 | D:5      | Entered Level 5 of the Dungeon
  4754 | D:5      | Found a shimmering altar of Xom.
  4758 | D:5      | Noticed Ijyb
  4775 | D:5      | Paralysed by Ijyb for 4 turns
  4782 | D:5      | Killed Ijyb
  5096 | D:5      | Identified the +0 ring mail of Makhleb's Reproof {rN+
                  | Dex+5}
  6224 | D:6      | Reached skill level 7 in Long Blades
  6428 | D:6      | Found a staircase to the Ecumenical Temple.
  6435 | Temple   | Entered the Ecumenical Temple
  6465 | Temple   | Became a worshipper of the Shining One
  6465 | Temple   | Reached * piety under the Shining One
  6465 | Temple   | Reached ** piety under the Shining One
  7426 | D:7      | Reached XP level 9. HP: 54/72 MP: 9/9
  7928 | D:7      | Found Nocsirys's General Store.
  7936 | D:7      | Bought a potion of flight for 33 gold pieces
  7936 | D:7      | Bought a scroll of identify for 22 gold pieces
  7936 | D:7      | Bought a potion of curing for 33 gold pieces
  7936 | D:7      | Bought a scroll of amnesia for 44 gold pieces
  8027 | D:7      | Noticed Menkaure
  8035 | D:7      | Killed Menkaure
  8036 | D:7      | Reached skill level 5 in Throwing
  8203 | D:7      | Noticed Duvessa
  8213 | D:7      | Killed Duvessa
  8214 | D:7      | Noticed Dowan
  8219 | D:7      | Killed Dowan
  8396 | D:7      | Reached skill level 8 in Long Blades
  8772 | D:8      | Found a staircase to the Lair.
  8781 | D:8      | Reached skill level 1 in Shields
  8781 | D:8      | Reached skill level 1 in Evocations
  8912 | D:8      | Noticed a two-headed ogre
  8925 | D:8      | Killed a two-headed ogre
  8926 | D:8      | Reached skill level 9 in Long Blades
  8926 | D:8      | Reached XP level 10. HP: 70/82 MP: 10/10
  8976 | D:8      | Found a burning altar of Makhleb.
  9268 | D:8      | Found an opulent altar of Gozag.
  9292 | D:8      | Reached *** piety under the Shining One
  9504 | D:8      | Noticed a two-headed ogre
  9510 | D:8      | Killed a two-headed ogre
  9511 | D:8      | Reached skill level 10 in Armour
  9612 | D:9      | Reached skill level 10 in Long Blades
  9717 | D:9      | Reached skill level 5 in Dodging
  9730 | D:9      | Found a basalt altar of Yredelemnul.
  9730 | D:9      | Found a radiant altar of Vehumet.
  9886 | D:9      | Reached XP level 11. HP: 49/89 MP: 11/11
 10053 | D:9      | Got Ynnutet's Anthology of Amalgamated Inhalation
 10376 | D:10     | Entered Level 10 of the Dungeon
 10446 | D:10     | Found a staircase to the Orcish Mines.
 10805 | D:10     | Reached **** piety under the Shining One
 10974 | D:11     | Noticed a manticore
 10975 | D:11     | Noticed an orc knight
 10975 | D:11     | Noticed a cyan ugly thing
 10995 | D:11     | Killed an orc knight
 10996 | D:11     | Reached skill level 11 in Long Blades
 10998 | D:11     | Killed a manticore
 11107 | D:11     | Noticed a deep elf pyromancer
 11128 | D:11     | Killed a deep elf pyromancer
 11139 | D:11     | Noticed a manticore
 11150 | D:11     | Killed a manticore
 11340 | D:11     | Noticed a centaur warrior
 11349 | D:11     | Reached skill level 5 in Shields
 11588 | Orc:1    | Entered Level 1 of the Orcish Mines
 11597 | Orc:1    | Reached skill level 5 in Evocations
 11603 | Orc:1    | Found an iron altar of Okawaru.
 11625 | Orc:1    | Noticed an orc knight
 11638 | Orc:1    | Killed an orc knight
 11848 | Orc:1    | Reached skill level 10 in Fighting
 12397 | Orc:2    | Entered Level 2 of the Orcish Mines
 12635 | Orc:2    | Found a staircase to the Elven Halls.
 12693 | Orc:2    | Reached skill level 12 in Long Blades
 12740 | Orc:2    | Noticed an ogre mage
 12751 | Orc:2    | Killed an ogre mage
 12752 | Orc:2    | Reached XP level 12. HP: 42/97 MP: 12/12
 13239 | Orc:2    | Noticed an orc high priest
 13242 | Orc:2    | HP: 1/98 [orc priest/divine providence (9)]
 13242 | Orc:2    | The Shining One protects you from harm!
 13295 | Orc:2    | HP: 1/98 [orc warrior/+0 halberd (14)]
 14322 | Orc:2    | Killed an orc high priest
 14380 | Orc:2    | Noticed an orc high priest
 15103 | Orc:2    | Noticed an orc high priest
 15111 | Orc:2    | Noticed a soul eater
 15116 | Orc:2    | Killed an orc high priest
 15117 | Orc:2    | Reached skill level 13 in Long Blades
 15309 | Orc:2    | Noticed an orc high priest
 15320 | Orc:2    | Killed an orc high priest
 15328 | Orc:2    | Reached ***** piety under the Shining One
 15414 | Orc:2    | Noticed an orc high priest
 15426 | Orc:2    | Noticed a soul eater
 15430 | Orc:2    | Noticed a soul eater
 15435 | Orc:2    | Killed an orc high priest
 15461 | Orc:2    | Killed an orc high priest
 15603 | Orc:2    | Found Zoedi's Antique Armour Shop.
 15604 | Orc:2    | Found Reav's Magic Scroll Shop.
 15604 | Orc:2    | Found Wiyrr's Jewellery Shop.
 15604 | Orc:2    | Found Usidogg's Book Boutique.
 15624 | Orc:2    | Bought a scroll of identify for 34 gold pieces
 15624 | Orc:2    | Bought a scroll of identify for 34 gold pieces
 15624 | Orc:2    | Bought a scroll of identify for 34 gold pieces
 15624 | Orc:2    | Bought a scroll of identify for 34 gold pieces
 15624 | Orc:2    | Bought a scroll of identify for 34 gold pieces
 15633 | Orc:2    | Bought an encrusted plate armour for 1064 gold pieces
 15633 | Orc:2    | Identified the +0 plate armour of Winwead {+Inv rElec
                  | Will-} (You bought it in a shop on level 2 of the Orcish
                  | Mines)
 15930 | D:11     | Killed a centaur warrior
 16054 | D:11     | Gained mutation: You can hop long distances. [Barachi
                  | growth]
 16054 | D:11     | Reached XP level 13. HP: 105/106 MP: 13/13
 16593 | D:11     | Noticed a vault guard
 16599 | D:11     | Killed a vault guard
 16647 | D:11     | Reached skill level 14 in Long Blades
 16829 | D:11     | Found a portal to a secret trove of treasure.
 17152 | D:12     | Paralysed by an ogre mage for 5 turns
 17174 | D:12     | Noticed a stone giant
 17174 | D:12     | Noticed a frost giant
 17175 | D:12     | Found a runed translucent door.
 17175 | D:12     | Noticed a frost giant
 17176 | D:12     | Noticed an ettin
 17891 | Lair:1   | Entered Level 1 of the Lair of Beasts
 18418 | D:13     | Found a gate to the Vaults.
 18819 | D:14     | Reached skill level 15 in Long Blades
 19009 | D:14     | Found a radiant altar of Vehumet.
 19025 | D:14     | Reached XP level 14. HP: 111/115 MP: 14/14
 19598 | D:15     | Entered Level 15 of the Dungeon
 19736 | D:15     | Reached ****** piety under the Shining One
 20224 | D:15     | Found a stormy altar of Qazlal.
 20390 | D:15     | Found a staircase to the Depths.
 20421 | D:15     | Reached skill level 16 in Long Blades
 21095 | Lair:1   | Reached skill level 10 in Dodging
 21669 | Lair:2   | Reached skill level 1 in Invocations
 21789 | Lair:2   | Reached XP level 15. HP: 119/123 MP: 16/16
 21996 | Lair:2   | Found a staircase to the Snake Pit.
 22034 | Lair:2   | Identified the +0 leather armour of Autumn {rElec rC+}
 22221 | Lair:1   | Gained mutation: You possess an exceptional clarity of
                  | mind. [potion of mutation]
 22221 | Lair:1   | Gained mutation: You have a pair of small horns on your
                  | head. [potion of mutation]
 22222 | Lair:1   | Lost mutation: You have a pair of small horns on your head.
                  | [potion of mutation]
 22222 | Lair:1   | Lost mutation: You possess an exceptional clarity of mind.
                  | [potion of mutation]
 22222 | Lair:1   | Gained mutation: Your muscles are strong. (Str +4, Int/Dex
                  | -1) [potion of mutation]
 22222 | Lair:1   | Gained mutation: Your spells are a little easier to cast,
                  | but a little less powerful. [potion of mutation]
 22222 | Lair:1   | Gained mutation: Potions are less effective at restoring
                  | your health. [potion of mutation]
 22223 | Lair:1   | Lost mutation: Your muscles are strong. (Str +4, Int/Dex
                  | -1) [potion of mutation]
 22223 | Lair:1   | Lost mutation: Your spells are a little easier to cast, but
                  | a little less powerful. [potion of mutation]
 22223 | Lair:1   | Gained mutation: You are vulnerable to heat. (rF-) [potion
                  | of mutation]
 22223 | Lair:1   | Gained mutation: You expend magic power (3 MP) to
                  | strengthen your wands. [potion of mutation]
 22224 | Lair:1   | Lost mutation: Potions are less effective at restoring your
                  | health. [potion of mutation]
 22224 | Lair:1   | Lost mutation: You are vulnerable to heat. (rF-) [potion of
                  | mutation]
 22224 | Lair:1   | Gained mutation: You are clumsy. (Dex -2) [potion of
                  | mutation]
 22224 | Lair:1   | Gained mutation: You are robust. (+10% HP) [potion of
                  | mutation]
 23228 | Lair:3   | Reached skill level 17 in Long Blades
 23787 | Lair:4   | You fall into a shaft and drop 1 floor!
 23787 | Lair:5   | Entered Level 5 of the Lair of Beasts
 24806 | Lair:4   | Reached skill level 5 in Invocations
 25000 | Lair:5   | Reached XP level 16. HP: 110/145 MP: 19/19
 25178 | Lair:5   | Found a staircase to the Slime Pits.
 25720 | Lair:5   | Found the +6 arbalest "Damnation" {damnation}
 26171 | D:3      | Bought a shiny plate armour for 676 gold pieces
 26603 | Shoals:1 | Entered Level 1 of the Shoals
 26711 | Shoals:1 | Noticed Frances
 26722 | Shoals:1 | Reached skill level 10 in Throwing
 26732 | Shoals:1 | Killed Frances
 26733 | Shoals:1 | Reached skill level 18 in Long Blades
 27095 | Shoals:1 | You fall into a shaft and drop 1 floor!
 27125 | Shoals:2 | Annihilated by an alligator snapping turtle

Illustrated notes

Levels and vault maps discovered:
D:1:      lemuel_arrival_tunnels, layout_loops_ring, solitary_fountain,
          wad_floor_pattern_untrapped
D:2:      layout_basic, basic_altar, serial_rivers,
          chequers_serial_rivers_micro_a, chequers_serial_rivers_marsh,
          chequers_serial_rivers_small_3, chequers_serial_rivers_room_a,
          wander_ebering_terrifying_dragon_lair, uniq_jessica
D:3:      layout_basic, serial_shops, nicolae_shop_crystal,
          lightli_sewer_entry_pipes, serial_glass, glass_columns_a,
          glass_columns_a, minmay_misc_feat_enclosed, hex_tiny,
          kennysheep_cross_room, uniq_robin, uniq_natasha
D:4:      layout_basic, mainiacjoe_overflow_tiny_flanked, uniq_edmund,
          uniq_sigmund
D:5:      layout_loops_corners, mainiacjoe_overflow_chevrons, uniq_ijyb
D:6:      layout_layer_cave, minmay_temple_entry_junction
D:7:      layout_gridville, serial_shops, nicolae_shop_hallway_stairs,
          minmay_starry_boxes, uniq_duvessa, uniq_menkaure
D:8:      layout_loops_cross, overflow_temple_1_default, kennysheep_mini,
          erik_lair_orcish_takeover
D:9:      layout_rooms, mainiacjoe_overflow_divided_tiny,
          dreamdust_gnoll_shepherd
D:10:     layout_basic, orc_0_dummy, nicolae_concentric_dashed_squares_mild
D:11:     minmay_cut_squares, layout_basic, enter_trove_5, the_hattery
D:12:     layout_irregular_city, eino_curves_01, minmay_hidden_floor
D:13:     layout_gridville, david_vaults_1
D:14:     layout_basic, serial_ice, serial_ice_b, serial_ice_d, serial_ice_k,
          serial_ice_h, nrook_uturn, vehumet_crystals
D:15:     grunt_enter_depths_magical_seal, layout_loops_ring,
          nicolae_qazlal_eye_of_the_storm
Temple:   lightli_temple_of_artemis
Lair:1:   layout_regular_city, grunt_megastairs_4
Lair:2:   layout_long_grid, nicolae_shoals_entry_flooding,
          minmay_snake_entry_guardpost_small
Lair:3:   layout_gridlike, chequers_serial_rivers_large_a
Lair:4:   layout_roguey, infiniplex_staircase_pool
Lair:5:   hangedman_lair_caniforms_friends, layout_concentric_octagons,
          minmay_slime_entry_pillars, st_stairs_13, grunt_megastairs_1,
          lemuel_fruit_fields
Shoals:1: layout_shoals, uniq_frances
Shoals:2: nicolae_shoals_deep_elves_summer_vacation, layout_shoals,
          serial_shops, nicolae_shop_tiny_statue_garden, uniq_ilsuiw
Orc:1:    layout_diamond_mine, okawaru_metal_pillars_3
Orc:2:    st_orc_pillars, layout_caves, basic_altar, mines4_lemuel

Skill      XL: |  1  2  3  4  5  6  7  8  9 10 11 12 13 14 15 16 |
---------------+-------------------------------------------------+-----
Long Blades    | 4 5 6 7 9 10 12 13 15 16 17 18 | 18.1
Armour         | 1 2 3 4 5 6 8 9 10 11 12 13 14 | 14.9
Fighting       | 4 5 7 8 9 10 11 12 13 14 | 14.1
Throwing       | 1 2 3 4 5 6 7 8 9 10 | 10.1
Shields        | 2 3 5 6 7 |  7.4
Evocations     | 2 3 5 7 8 9 |  9.4
Dodging        | 4 5 6 7 9 10 11 | 11.5
Invocations    | 1 5 6 |  6.6

Action                     |  1- 3 |  4- 6 |  7- 9 | 10-12 | 13-15 | 16-18 || total
---------------------------+-------+-------+-------+-------+-------+-------++-------
  Melee: Falchion          |    88 |   232 |   313 |       |       |       ||   633
         Long sword        |       |       |    54 |    20 |       |       ||    74
         Great sword       |       |       |       |   422 |   324 |       ||   746
         Scimitar          |       |       |       |       |   726 |   351 ||  1077
  Throw: Dart              |       |     2 |    13 |    79 |       |       ||    94
         Boomerang         |       |       |     7 |   175 |    39 |     9 ||   230
         Throwing net      |       |       |       |     2 |       |       ||     2
 Invoke: Cleansing Flame   |       |       |       |       |     3 |     1 ||     4
         Summon Divine War |       |       |       |       |       |     1 ||     1
Ability: Hop               |       |       |     2 |     3 |     1 |       ||     6
  Evoke: Wand              |       |       |       |    12 |       |       ||    12
    Use: Scroll            |       |     5 |     2 |     9 |    15 |       ||    31
         Potion            |       |     1 |     1 |     3 |     6 |     2 ||    13
   Stab: Sleeping          |     1 |       |       |       |       |       ||     1
 Armour: Robe              |    23 |    31 |       |       |       |       ||    54
         Plate armour      |       |    81 |   116 |   360 |   358 |    64 ||   979
         Ring mail         |       |       |    80 |       |       |       ||    80
         Scale mail        |       |       |       |       |   279 |    42 ||   321
  Dodge: Dodged            |    67 |   118 |   188 |   219 |   916 |   249 ||  1757
  Block: Buckler           |       |       |       |       |   316 |   160 ||   476
